 Dungeon Crawl Stone Soup version 0.29-a0-553-g81b289dbe5 (webtiles) character file.

Game seed: 9844017070979528871

33031 DocClef the Covert (level 13, 0/93 HPs)
             Began as a Gnoll Delver on June 6, 2022.
             Was a High Priest of Hepliaklqana.
             Slain by a meliai
             ... wielding a +0 hand axe
              (15 damage)
             ... on level 4 of the Lair of Beasts.
             The game lasted 00:25:38 (16563 turns).

DocClef the Covert (Gnoll Delver)                  Turns: 16563, Time: 00:25:39

Health: 0/93       AC: 25    Str: 15    XL:     13   Next: 68%
Magic:  37/37      EV: 20    Int: 12    God:    Hepliaklqana [*****.]
Gold:   1040       SH:  5    Dex: 14    Spells: 29/29 levels left

rFire   + + +      SeeInvis .   G - +5 trident of Hakkah {protect, rElec rF+++ rC+ Str-2}
rCold   + . .      Faith    .   s - orb {*Rage}
rNeg    . . .      Spirit   .   L - +3 leather armour {rF+}
rPois   .          Reflect  +   J - +0 helmet
rElec   +          Harm     .   S - +2 cloak {Will+}
rCorr   .          Rampage  +   y - +3 pair of gloves of Osad {Rampage Regen+ Int+3 Slay+3}
Will    +....      Rage     20% p - +1 pair of boots
Stlth   +++++.....              K - amulet of reflection
HPRegen 1.85/turn               i - ring of magical power
MPRegen 0.25/turn               E - +4 ring of evasion

@: lethally poisoned (0 -> -8), under a protective aura
A: reduced essence, fangs 1, strong nose, distributed training, fire resistance
1, high MP 1, regeneration 1, sturdy frame 1
a: Renounce Religion, Recall Ancestor, Ancestor Identity, Transference, Idealise


You were on level 4 of the Lair of Beasts.
You worshipped Hepliaklqana.
Hepliaklqana was extremely pleased with you.
You visited 3 branches of the dungeon, and saw 16 of its levels.
You also visited: Gauntlet.

You collected 1040 gold pieces.

Inventory:

Hand Weapons
 a - a +1 vampiric short sword
 G - the +5 trident of Hakkah (weapon) {protect, rElec rF+++ rC+ Str-2}
   (You found it on level 6 of the Dungeon)

   It grants its wielder temporary protection when it strikes (+7 to AC).
   Str:       It affects your strength (-2).
   rF:        It renders you almost immune to fire.
   rC:        It protects you from cold.
   rElec:     It insulates you from electricity.
 T - the +7 captain's cutlass {speed, disarm}
   (You took it off a minotaur in a Gauntlet)

   Attacks with this weapon are significantly faster.
   It may disarm weapon-wielding foes when striking them, dealing extra damage
   in the process.
Missiles
 B - a throwing net (quivered)
 U - 3 javelins
Armour
 p - a +1 pair of boots (worn)
 s - an orb of wrath (worn)
 y - the +3 pair of gloves of Osad (worn) {Rampage Regen+ Int+3 Slay+3}
   (You found it in a Gauntlet)

   Int:       It affects your intelligence (+3).
   Slay:      It affects your accuracy & damage with ranged weapons and melee
   (+3).
   Regen:     It increases your rate of health regeneration.
   Rampage:   It bestows one free step when moving towards enemies.
 J - a +0 helmet (worn)
 L - a +3 leather armour of fire resistance (worn)
 S - a +2 cloak of willpower (worn)
Jewellery
 i - a ring of magical power (left hand)
 m - a ring of willpower
 E - a +4 ring of evasion (right hand)
 K - an amulet of reflection (around neck)
 O - a ring of protection from fire
 V - a ring of fire
 W - a ring of willpower
 Y - a ring of ice
Wands
 g - a wand of digging (15)
 k - a wand of polymorph (7)
 C - a wand of iceblast (12)
 F - a wand of flame (45)
 H - a wand of paralysis (4)
 N - a wand of mindburst (6)
Scrolls
 b - a scroll of amnesia
 c - a scroll of fog
 d - 2 scrolls of magic mapping
 j - 4 scrolls of identify
 q - 7 scrolls of teleportation
 r - 4 scrolls of enchant armour
 t - a scroll of enchant weapon
 w - 4 scrolls of vulnerability
 x - 2 scrolls of torment
 A - a scroll of summoning
 R - 2 scrolls of blinking
 X - a scroll of immolation {unknown}
Potions
 f - 2 potions of haste
 h - 4 potions of brilliance
 l - 3 potions of mutation
 n - 2 potions of lignification
 u - 6 potions of curing
 v - 4 potions of flight
 z - 2 potions of invisibility
 D - 4 potions of might
 I - 3 potions of attraction
 M - 2 potions of magic
 P - a potion of resistance
 Q - a potion of degeneration {unknown}


   Skills:
 + Level 10.7 Fighting
 + Level 9.7 Short Blades
 + Level 8.5 Long Blades
 + Level 8.5 Axes
 + Level 8.5 Maces & Flails
 + Level 8.5 Polearms
 + Level 8.5 Staves
 + Level 8.5 Slings
 + Level 8.5 Bows
 + Level 8.5 Crossbows
 + Level 8.5 Throwing
 + Level 8.5 Armour
 + Level 9.7 Dodging
 + Level 12.6 Stealth
 + Level 8.5 Shields
 + Level 8.5 Unarmed Combat
 + Level 8.5 Spellcasting
 + Level 7.1 Conjurations
 + Level 7.1 Hexes
 + Level 7.1 Summonings
 + Level 7.1 Necromancy
 + Level 7.1 Translocations
 + Level 7.1 Transmutations
 + Level 7.1 Fire Magic
 + Level 7.1 Ice Magic
 + Level 7.1 Air Magic
 + Level 7.1 Earth Magic
 + Level 7.1 Poison Magic
 + Level 9.3 Invocations
 + Level 8.5 Evocations


You had 29 spell levels left.
You didn't know any spells.
Your spell library contained the following spells:

 Spells                   Type           Power      Damage    Failure   Level
 Apportation              Tloc           44%        N/A       1%          1
 Foxfire                  Conj/Fire      88%        2x1d8     1%          1
 Magic Dart               Conj           88%        1d7       1%          1
 Necrotize                Necr           88%        1d8       1%          1
 Shock                    Conj/Air       88%        1d8       1%          1
 Summon Small Mammal      Summ           88%        N/A       1%          1
 Call Imp                 Summ           22%        N/A       1%          2
 Ensorcelled Hibernation  Hex/Ice        44%        N/A       1%          2
 Passwall                 Tmut/Erth      18%        N/A       1%          2
 Searing Ray              Conj           44%        2d6       1%          2
 Conjure Flame            Conj/Fire      22%        6-21      2%          3
 Dazzling Flash           Conj/Hex       44%        N/A       2%          3
 Frozen Ramparts          Ice            44%        1d6       2%          3
 Inner Flame              Hex/Fire       22%        N/A       2%          3
 Mephitic Cloud           Conj/Pois/Air  22%        N/A       2%          3
 Ozocubu's Armour         Ice            22%        N/A       2%          3
 Swiftness                Air            22%        N/A       2%          3
 Airstrike                Air            11%        N/A       8%          4
 Animate Dead             Necr           22%        N/A       8%          4
 Flame Wave               Conj/Fire      22%        2d7       8%          4
 Fulminant Prism          Conj/Hex       11%        3d9       8%          4
 Ice Form                 Ice/Tmut       22%        N/A       8%          4
 Iskenderun's Mystic Bla  Conj/Tloc      22%        2d6       8%          4
 Summon Ice Beast         Ice/Summ       22%        N/A       8%          4
 Blade Hands              Tmut           11%        N/A       22%         5
 Irradiate                Conj/Tmut      11%        3d17      22%         5
 Conjure Ball Lightning   Conj/Air       11%        3x3d6     77%         6
 Starburst                Conj/Fire      11%        6d5       77%         6
 Dragon Form              Tmut           11%        N/A       100%        7
 Haunt                    Necr/Summ      11%        N/A       100%        7
 Ozocubu's Refrigeration  Ice            11%        4d7       100%        7
 Discord                  Hex            11%        N/A       100%        8
 Disjunction              Tloc           11%        N/A       100%        8
 Infestation              Necr           11%        N/A       100%        8


Dungeon Overview and Level Annotations

Branches:
Dungeon (11/15)            Temple (1/1) D:6            Lair (4/6) D:11
  Swamp (0/4) Lair:2       Spider (0/4) Lair:3      Gauntlet (visited)
    Orc: D:9-12

Altars:
Ashenzari
Cheibriados
Dithmenos
Elyvilon
Fedhas
Gozag
Hepliaklqana
Kikubaaqudgha
Makhleb
Nemelex Xobeh
Okawaru
Qazlal
Ru
Sif Muna
Trog
Uskayaw
Vehumet
Wu Jian
Xom
Yredelemnul
Zin
The Shining One

Shops:
D:9 !(


Innate Abilities, Weirdness & Mutations

Your life essence is reduced to manifest your ancestor. (-10% HP)
You have very sharp teeth.
Your uncanny sense of smell can sniff out nearby items.
Your experience applies equally to all skills.
Your flesh is heat resistant. (rF+)
You have an increased reservoir of magic. (+10% MP)
Your natural rate of healing is unusually fast.
Your movements are slightly less encumbered by armour. (ER -2)


Message History

You feel very sick. You block the meliai's attack.
The meliai completely misses you. The meliai hits you with a +0 hand axe.
* * * LOW HITPOINT WARNING * * *
The meliai completely misses you. The meliai closely misses you.
The meliai stings you but does no damage.
Press: ? - help, v - describe, . - travel
Here: a meliai, wielding a +0 hand axe and wearing a +0 leather armour (heavily wounded, berserk)
The floor, spattered with blood.
You feel much better.
You feel sick. The meliai hits you with a +0 hand axe.
* * * LOW HITPOINT WARNING * * *
The meliai stings you but does no damage.
You block the meliai's attack. x3; The meliai completely misses you.
You feel much better.
You feel very sick. The meliai hits you with a +0 hand axe!
* * * LOW HITPOINT WARNING * * *
You block the meliai's attack. The meliai hits you with a +0 hand axe.
* * * LOW HITPOINT WARNING * * *
The meliai stings you.
* * * LOW HITPOINT WARNING * * *
The meliai barely misses you. The meliai closely misses you.
You barely miss the meliai. You bite the meliai, but do no damage.
The meliai is heavily wounded.
You recover from your berserk rage.
You feel sick.
The killer bee looks more energetic.
The meliai closely misses you. The meliai stings you.
* * * LOW HITPOINT WARNING * * *
You are more poisoned.
The meliai poisons you! The meliai hits you but does no damage.
The meliai completely misses you.
You puncture the meliai!
Your weapon exudes an aura of protection.
You bite the meliai, but do no damage.
The meliai is almost dead.
You feel very sick. The meliai hits you but does no damage.
The meliai closely misses you. You block the meliai's attack.
The meliai closely misses you. The meliai hits you with a +0 hand axe!
You die...

.!!.. ∆ ..!.∆∆
#.'### #..y.#
#.††# ##)# ## #yy#
###P####y## ∆
#......@..# ..
#.........## ...
#..........###....
#..........+...#
##..........P.##..
#.....?...P...P...
#.........###.....
P.........## ....
...........# .##


You could see a meliai (berserk) and a killer bee.

Vanquished Creatures
  A minotaur (Gauntlet)
  A hydra (D:11)
  4 two-headed ogres
  A boulder beetle (D:11)
  A sixfirhy (Gauntlet)
  A glowing orange brain (Gauntlet)
  A deep elf pyromancer (D:11)
  2 ugly things (Gauntlet)
  An elephant (Lair:4)
  Joseph (D:8)
  2 unseen horror zombies (D:9)
  Maggie (D:6)
  A rime drake (Lair:2)
  2 cane toads (Lair:1)
  3 komodo dragons
  A meliai (Lair:4)
  7 blink frogs (Lair:2)
  2 trolls (D:11)
  Prince Ribbit (D:5)
  A wyvern (Lair:3)
  Sigmund (D:2)
  3 culicivoras (Lair:3)
  A water elemental (D:11)
  19 yaks
  2 basilisks
  2 vampire mosquitoes (D:11)
  An acid dragon (D:11)
  15 water moccasins
  2 ice beasts
  A sky beast (D:6)
  2 black bears
  8 ogres
  6 wolves
  3 centaurs
  2 phantoms
  4 kobold brigands
  Blork the orc (D:5)
  5 bullfrogs
  A necrophage (D:5)
  4 wights (D:9)
  A jelly (D:7)
  17 killer bees
  2 howler monkeys
  2 centaur zombies (D:9)
  3 hounds
  4 orc priests
  5 orc wizards
  5 iguanas
  A lightning spire (Gauntlet)
  Ijyb (D:4)
  2 mummies (D:9)
  4 gnolls (D:3)
  8 adders
  A shadow imp (D:5)
  2 white imps
  4 ufetubi
  A worm (D:2)
  3 dart slugs
  27 orcs
  5 bats
  7 endoplasms
  4 giant cockroaches
  12 goblins
  10 hobgoblins
  2 quokkas
  7 ball pythons
  6 frilled lizards
  24 kobolds
  5 rats
  A spectral hobgoblin (D:6)
294 creatures vanquished.

Vanquished Creatures (collateral kills)
  Gastronok (Lair:2)
  A hydra (Lair:3)
  A boulder beetle (D:11)
  3 two-headed ogres
  Lodul (D:10)
  2 elephants (Lair:4)
  2 black mambas (Lair:3)
  An unseen horror zombie (D:9)
  2 komodo dragons
  A meliai (Lair:4)
  A troll (D:11)
  A polar bear (Lair:3)
  A raiju (Gauntlet)
  2 blink frogs (Lair:2)
  A shadow (D:10)
  4 yaks
  A wraith (D:11)
  3 basilisks (Lair:3)
  A steam dragon (D:7)
  A vampire mosquito (D:11)
  A water moccasin (Lair:1)
  A sky beast (D:7)
  A black bear (Lair:1)
  2 ogres (D:10)
  2 wolves
  2 bullfrogs (Lair:1)
  3 wights (D:9)
  8 killer bees
  3 howler monkeys
  2 electric eels
  A human zombie (D:9)
  A centaur zombie (D:9)
  2 orc priests (D:8)
  3 hounds (D:11)
  2 orc wizards
  A white imp (D:8)
  An ufetubus (Gauntlet)
  6 orcs
  7 kobolds
  A butterfly (Lair:3)
81 creatures vanquished.

Vanquished Creatures (others)
  4 knights
  2 ancestors
  5 fungi
  5 plants
  4 withered plants (Gauntlet)
20 creatures vanquished.

Grand Total: 395 creatures vanquished

Notes
Turn   | Place    | Note
-------+----------+-------------------------------------------
     0 | D:5      | Reached skill level 9 in Stealth
     0 | D:5      | DocClef the Gnoll Delver began the quest for the Orb.
     0 | D:5      | Reached XP level 1. HP: 23/23 MP: 1/1
    29 | D:5      | Noticed an ogre
    46 | D:4      | Noticed Ijyb
    53 | D:4      | Reached XP level 2. HP: 17/29 MP: 2/2
    63 | D:4      | Killed Ijyb
    64 | D:4      | Reached XP level 3. HP: 18/35 MP: 2/4
   405 | D:4      | Noticed an ice beast
   408 | D:4      | Killed an ice beast
   409 | D:4      | Reached skill level 1 in Long Blades
   409 | D:4      | Reached skill level 1 in Axes
   409 | D:4      | Reached skill level 1 in Maces & Flails
   409 | D:4      | Reached skill level 1 in Polearms
   409 | D:4      | Reached skill level 1 in Staves
   409 | D:4      | Reached skill level 1 in Slings
   409 | D:4      | Reached skill level 1 in Bows
   409 | D:4      | Reached skill level 1 in Crossbows
   409 | D:4      | Reached skill level 1 in Throwing
   409 | D:4      | Reached skill level 1 in Armour
   409 | D:4      | Reached skill level 1 in Shields
   409 | D:4      | Reached skill level 1 in Unarmed Combat
   409 | D:4      | Reached skill level 1 in Spellcasting
   409 | D:4      | Reached skill level 1 in Conjurations
   409 | D:4      | Reached skill level 1 in Hexes
   409 | D:4      | Reached skill level 1 in Summonings
   409 | D:4      | Reached skill level 1 in Necromancy
   409 | D:4      | Reached skill level 1 in Translocations
   409 | D:4      | Reached skill level 1 in Transmutations
   409 | D:4      | Reached skill level 1 in Fire Magic
   409 | D:4      | Reached skill level 1 in Ice Magic
   409 | D:4      | Reached skill level 1 in Air Magic
   409 | D:4      | Reached skill level 1 in Earth Magic
   409 | D:4      | Reached skill level 1 in Poison Magic
   409 | D:4      | Reached skill level 1 in Invocations
   409 | D:4      | Reached skill level 1 in Evocations
   409 | D:4      | Reached XP level 4. HP: 41/41 MP: 4/6
   409 | D:4      | Reached XP level 5. HP: 47/47 MP: 4/7
   539 | D:4      | Noticed an ogre
   540 | D:4      | Killed an ogre
   541 | D:4      | Reached XP level 6. HP: 53/53 MP: 8/8
   818 | D:4      | Reached skill level 5 in Short Blades
   818 | D:4      | Reached skill level 5 in Dodging
  1610 | D:5      | Reached XP level 7. HP: 33/59 MP: 10/10
  2207 | D:5      | Noticed Blork the orc
  2214 | D:5      | Killed Blork the orc
  2492 | D:5      | Reached skill level 10 in Stealth
  2699 | D:5      | Noticed Prince Ribbit
  2704 | D:5      | Killed Prince Ribbit
  2705 | D:5      | Reached XP level 8. HP: 67/67 MP: 12/12
  3811 | D:2      | Noticed Sigmund
  3813 | D:2      | Killed Sigmund
  4051 | D:1      | Found a faded altar of an unknown god.
  6411 | D:6      | Found a hazy altar of Hepliaklqana.
  6425 | D:6      | Became a worshipper of Hepliaklqana the Forgotten
  6667 | D:6      | Identified the +5 trident of Hakkah {protect, rElec rF+++
                  | rC+ Str-2}
  6702 | D:6      | Found a staircase to the Ecumenical Temple.
  6705 | D:6      | Noticed Maggie
  6746 | D:6      | Paralysed by Maggie for 5 turns
  6751 | D:6      | Killed Maggie
  6752 | D:6      | Reached XP level 9. HP: 13/73 MP: 14/14
  6846 | Temple   | Entered the Ecumenical Temple
  7617 | D:7      | Found an opulent altar of Gozag.
  7701 | D:7      | Reached * piety under Hepliaklqana
  7821 | D:7      | Found a shimmering altar of Xom.
  7823 | D:7      | Found a shadowy altar of Dithmenos.
  7823 | D:7      | Found an iron altar of Okawaru.
  7828 | D:7      | Found a burning altar of Makhleb.
  8538 | D:8      | Noticed a two-headed ogre
  8808 | D:8      | Noticed Joseph
  8823 | D:8      | Killed Joseph
  8824 | D:8      | Reached skill level 5 in Invocations
  8974 | D:8      | Reached ** piety under Hepliaklqana
  8975 | D:8      | Remembered your ancestor Mirko as a knight
  8991 | D:8      | Killed a two-headed ogre
  8992 | D:8      | Reached skill level 5 in Long Blades
  8992 | D:8      | Reached skill level 5 in Axes
  8992 | D:8      | Reached skill level 5 in Maces & Flails
  8992 | D:8      | Reached skill level 5 in Polearms
  8992 | D:8      | Reached skill level 5 in Staves
  8992 | D:8      | Reached skill level 5 in Slings
  8992 | D:8      | Reached skill level 5 in Bows
  8992 | D:8      | Reached skill level 5 in Crossbows
  8992 | D:8      | Reached skill level 5 in Throwing
  8992 | D:8      | Reached skill level 5 in Armour
  8992 | D:8      | Reached skill level 5 in Shields
  8992 | D:8      | Reached skill level 5 in Unarmed Combat
  8992 | D:8      | Reached skill level 5 in Spellcasting
  8992 | D:8      | Reached skill level 5 in Evocations
  8992 | D:8      | Reached XP level 10. HP: 33/72 MP: 17/17
  9687 | D:9      | Found Omiamis's Distillery.
  9718 | D:9      | Noticed a two-headed ogre
  9729 | D:9      | Killed a two-headed ogre
  9832 | D:9      | Found a basalt altar of Yredelemnul.
  9943 | D:9      | Reached skill level 11 in Stealth
 10174 | D:9      | Found a hide-covered altar of Uskayaw.
 10175 | D:9      | Noticed a two-headed ogre
 10204 | D:9      | Killed a two-headed ogre
 10227 | D:9      | Reached XP level 11. HP: 78/78 MP: 19/19
 10229 | D:9      | Noticed a two-headed ogre
 10237 | D:9      | Killed a two-headed ogre
 10506 | D:9      | Found Ceshejyll's Weapon Shop.
 10647 | D:9      | Noticed a two-headed ogre
 10658 | D:9      | Killed a two-headed ogre
 10659 | D:9      | Reached skill level 5 in Conjurations
 10659 | D:9      | Reached skill level 5 in Hexes
 10659 | D:9      | Reached skill level 5 in Summonings
 10659 | D:9      | Reached skill level 5 in Necromancy
 10659 | D:9      | Reached skill level 5 in Translocations
 10659 | D:9      | Reached skill level 5 in Transmutations
 10659 | D:9      | Reached skill level 5 in Fire Magic
 10659 | D:9      | Reached skill level 5 in Ice Magic
 10659 | D:9      | Reached skill level 5 in Air Magic
 10659 | D:9      | Reached skill level 5 in Earth Magic
 10659 | D:9      | Reached skill level 5 in Poison Magic
 10936 | D:9      | Found Aluallon's Armour Shoppe.
 11117 | D:10     | Entered Level 10 of the Dungeon
 11416 | D:10     | Noticed Lodul
 11426 | D:10     | Killed Lodul
 11485 | D:10     | Identified the +11 hunting sling "Panen" {venom, rN+ Int+4
                  | Dex+3}
 11653 | D:10     | Reached *** piety under Hepliaklqana
 12025 | D:10     | Gained mutation: Your movements are slightly less
                  | encumbered by armour. (ER -2) [potion of mutation]
 12025 | D:10     | Gained mutation: Your natural rate of healing is unusually
                  | fast. [potion of mutation]
 12025 | D:10     | Gained mutation: Your flesh is heat resistant. (rF+)
                  | [potion of mutation]
 12025 | D:10     | Gained mutation: You have an increased reservoir of magic.
                  | (+10% MP) [potion of mutation]
 12138 | D:11     | Noticed a two-headed ogre
 12146 | D:11     | Killed a two-headed ogre
 12177 | D:11     | Noticed a boulder beetle
 12191 | D:11     | Killed a boulder beetle
 12520 | D:11     | Noticed a deep elf pyromancer
 12527 | D:11     | Killed a deep elf pyromancer
 12532 | D:11     | Reached XP level 12. HP: 86/86 MP: 24/24
 12556 | D:11     | Noticed a five-headed hydra
 12564 | D:11     | Killed a five-headed hydra
 12695 | D:11     | Noticed a boulder beetle
 12706 | D:11     | Found a staircase to the Lair.
 12721 | D:11     | Killed a boulder beetle
 12872 | D:11     | Noticed a two-headed ogre
 12884 | D:11     | Killed a two-headed ogre
 13247 | Lair:1   | Entered Level 1 of the Lair of Beasts
 13281 | Lair:1   | Found a gate leading to a gauntlet.
 13301 | Gauntlet | Entered a Gauntlet
 13301 | Gauntlet | Found a transporter.
 13301 | Gauntlet | Found a transporter.
 13311 | Gauntlet | Found a transporter.
 13332 | Gauntlet | Found a transporter.
 13340 | Gauntlet | Found a transporter.
 13340 | Gauntlet | Found a transporter.
 13340 | Gauntlet | Found a transporter.
 13343 | Gauntlet | Found a transporter.
 13343 | Gauntlet | Found a transporter.
 13360 | Gauntlet | Found a transporter.
 13364 | Gauntlet | Reached **** piety under Hepliaklqana
 13376 | Gauntlet | Noticed a dire elephant
 13377 | Gauntlet | Found a transporter.
 13387 | Gauntlet | Found a transporter.
 13402 | Gauntlet | Found a transporter.
 13424 | Gauntlet | Found a transporter.
 13517 | Gauntlet | Identified the +3 pair of gloves of Osad {Rampage Regen+
                  | Int+3 Slay+3}
 13577 | Gauntlet | Reached skill level 12 in Stealth
 13591 | Gauntlet | Reached skill level 10 in Fighting
 13645 | Gauntlet | Noticed a minotaur
 13660 | Gauntlet | Killed a minotaur
 13669 | Gauntlet | Got Vehumet's Incunabulum of Conjuration and Ignition
 14236 | Lair:1   | Identified the +7 mace of Kemuof {flame, rF+}
 14718 | Lair:2   | Found a staircase to the Swamp.
 14846 | Lair:2   | Noticed Gastronok
 14857 | Lair:2   | Killed Gastronok
 14858 | Lair:2   | Reached XP level 13. HP: 92/92 MP: 27/27
 15604 | Lair:3   | Identified the +0 long sword "Bep Amni" {pain, Str+4 Dex+4}
 15866 | Lair:3   | Reached ***** piety under Hepliaklqana
 16076 | Lair:3   | Found a hole to the Spider Nest.
 16563 | Lair:4   | Slain by a meliai

Illustrated notes

Levels and vault maps discovered:
D:1:      dpeg_arrival_more_subterranean_lakeside_camping, layout_basic,
          hellmonk_ecumenical_altar_run_dry
D:2:      minmay_spotlight, layout_rooms, uniq_sigmund
D:3:      layout_loops_ring
D:4:      layout_basic, uniq_ijyb
D:5:      layout_loops_ring, grunt_decor_arrowhead, hangedman_decor_slide_cut,
          minivault_23, uniq_prince_ribbit1, uniq_edmund, uniq_blork_the_orc
D:6:      layout_loops_corners, nicolae_hepliaklqana_monster_ancestors,
          minmay_temple_entry_drinking_statues, uniq_maggie
D:7:      layout_gridville, grunt_gozag_statues, minitemple,
          nicolae_zen_rock_garden, minmay_misc_feat_roman
D:8:      layout_basic, uniq_joseph
D:9:      layout_loops_ring, mainiacjoe_overflow_concentric_impassable,
          lemuel_mausoleum_altar_yredelemnul, serial_shops, kennysheep_mini,
          nicolae_shop_advertising_works [nicolae_subvault_shop_adworks],
          nicolae_inconvenience_store
D:10:     layout_loops_corners, uniq_lodul
D:11:     layout_stronghold, erik_lair_island, kennysheep_generic_room_16
Temple:   eino_narrow_crystal_temple
Lair:1:   layout_cave_pods, gauntlet_entry_generic
Lair:2:   layout_regular_city, swamp_mist, lemuel_fruit_tree,
          serial_bayou_shore_a, serial_bayou_shore_b, uniq_gastronok
Lair:3:   layout_chaotic_city, hellmonk_spider_entry_life_and_decay,
          minivault_23, chequers_serial_rivers_small_a,
          chequers_serial_rivers_micro_d, st_stairs_10,
          kennysheep_basilisk_garden, lemuel_fruit_fields
Lair:4:   layout_roguey [special_room_bee], lookout_lair_type,
          infiniplex_staircase_pool_2, serial_bayou_shore_b, grunt_megastairs_5,
          serial_bayou_shore_b

Skill      XL: |  1  2  3  4  5  6  7  8  9 10 11 12 13 |
---------------+----------------------------------------+-----
Stealth        | 10 11 12 | 12.6
Long Blades    | 1 2 3 5 6 7 8 |  8.5
Axes           | 1 2 3 5 6 7 8 |  8.5
Maces & Flails | 1 2 3 5 6 7 8 |  8.5
Polearms       | 1 2 3 5 6 7 8 |  8.5
Staves         | 1 2 3 5 6 7 8 |  8.5
Slings         | 1 2 3 5 6 7 8 |  8.5
Bows           | 1 2 3 5 6 7 8 |  8.5
Crossbows      | 1 2 3 5 6 7 8 |  8.5
Throwing       | 1 2 3 5 6 7 8 |  8.5
Armour         | 1 2 3 5 6 7 8 |  8.5
Shields        | 1 2 3 5 6 7 8 |  8.5
Unarmed Combat | 1 2 3 5 6 7 8 |  8.5
Spellcasting   | 1 2 3 5 6 7 8 |  8.5
Conjurations   | 1 2 3 4 5 6 7 |  7.1
Hexes          | 1 2 3 4 5 6 7 |  7.1
Summonings     | 1 2 3 4 5 6 7 |  7.1
Necromancy     | 1 2 3 4 5 6 7 |  7.1
Translocations | 1 2 3 4 5 6 7 |  7.1
Transmutations | 1 2 3 4 5 6 7 |  7.1
Fire Magic     | 1 2 3 4 5 6 7 |  7.1
Ice Magic      | 1 2 3 4 5 6 7 |  7.1
Air Magic      | 1 2 3 4 5 6 7 |  7.1
Earth Magic    | 1 2 3 4 5 6 7 |  7.1
Poison Magic   | 1 2 3 4 5 6 7 |  7.1
Invocations    | 1 2 3 4 5 6 7 8 9 |  9.3
Evocations     | 1 2 3 5 6 7 8 |  8.5
Short Blades   | 5 6 7 8 9 |  9.7
Dodging        | 5 6 7 8 9 |  9.7
Fighting       | 7 8 9 10 | 10.7

Action                   |  1- 3 |  4- 6 |  7- 9 | 10-12 | 13-15 || total
-------------------------+-------+-------+-------+-------+-------++-------
Melee: Short sword       |    13 |       |       |       |       ||    13
       Bite              |     3 |     8 |    62 |    45 |    38 ||   156
       Unarmed           |     6 |       |       |       |       ||     6
       Dagger            |     1 |    54 |   330 |       |       ||   385
       Punch             |       |     1 |    16 |    12 |       ||    29
       Trident           |       |       |   176 |   475 |   291 ||   942
       Cutlass           |       |       |       |    27 |       ||    27
Invok: Ancestor Life: Kn |       |       |     1 |       |       ||     1
Evoke: Wand              |       |       |       |     3 |       ||     3
  Use: Scroll            |       |       |       |    23 |     1 ||    24
       Potion            |       |       |       |     1 |     3 ||     4
 Stab: Sleeping          |     1 |    10 |    46 |    33 |     7 ||    97
       Distracted        |       |       |     3 |     4 |     3 ||    10
Armor: Leather armour    |     3 |     3 |    89 |   141 |    81 ||   317
Dodge: Dodged            |    14 |    17 |   224 |   312 |   215 ||   782
Block: Orb               |       |       |       |    20 |    49 ||    69

Table legend: (Time is in decaauts)
 A = Elapsed time spent in this place.
 B = Non-inter-level travel time spent in this place.
 C = Inter-level travel time spent in this place.
 D = Time resting spent in this place.
 E = Time spent auto-exploring this place.
 F = Levels seen in this place.
 G = Mean time per level.
                   A        B        C        D        E       F      G
               +--------+--------+--------+--------+--------+-----+--------+
         Total |  16688 |  15984 |    704 |   1363 |  11540 |  17 |  981.6 |
       Dungeon |  12911 |  12415 |    496 |   1004 |   9332 |  11 | 1173.7 |
        Temple |    339 |    332 |      7 |      0 |    325 |   1 |  339.0 |
          Lair |   3010 |   2809 |    201 |    340 |   1836 |   4 |  752.5 |
      Gauntlet |    427 |    427 |      0 |     17 |     46 |   1 |  427.0 |
               +--------+--------+--------+--------+--------+-----+--------+

Top non-repeatable levels by time:
     D:9: 1565 daAuts
     D:5: 1487 daAuts
     D:4: 1338 daAuts
    D:11: 1223 daAuts
     D:6: 1189 daAuts
     D:7: 1118 daAuts
     D:3: 1112 daAuts
     D:1: 1025 daAuts
     D:2: 1019 daAuts
    D:10: 994 daAuts
  Lair:2: 974 daAuts
  Lair:3: 960 daAuts
  Lair:1: 957 daAuts
     D:8: 836 daAuts
Gauntlet: 427 daAuts
